 Dungeon Crawl Stone Soup version 0.30-b1-2-g02819fbbbe (webtiles) character file.

Game seed: 15758685335369968604

246924 diana the Fighter (level 18, -7/192 HPs)
             Began as a Demonspawn Gladiator on June 11, 2023.
             Was the Champion of Ashenzari.
             Mangled by a +5 halberd of venom (14 damage)
             ... on level 1 of the Elven Halls on July 16, 2023.
             The game lasted 02:26:25 (52906 turns).

diana the Fighter (Demonspawn Gladiator)           Turns: 52906, Time: 02:26:27

Health: -7/192     AC: 31    Str: 23    XL:     18   Next: 80%
Magic:  0/48       EV: 22    Int: 21    God:    Ashenzari [******]
Gold:   1870       SH:  0    Dex: 17    Spells: 27/50 levels left

rFire   + . .        q - +4 quarterstaff of the Ruined Regret {heavy, rElec Will+ SInv Stlth-, Bglg, Melee} (curse)
rCold   . . .        (shield currently unavailable)
rNeg    . . .        I - +0 steam dragon scales of the Wild Blue Yonder {Alch, Range} (curse)
rPois   .            R - +3 hat of Pondering {ponderous, Will+ MP+10 Int+5, Evo, Elem} (curse)
rElec   +            W - +0 cloak "Per Aspera Ad Scientiam" {Bglg, Comp} (curse)
rCorr   .            (gloves unavailable)
SInv    +            i - +2 pair of boots "Per Aspera Ad Scientiam" {Stlth+, Elem, Fort} (curse)
Will    +++..        a - amulet of the Perceptive Sky {Spirit, Self, Alch} (curse)
Stlth   ++           f - ring of the Lashed Pleiades {AC+4, Self, Bglg} (curse)
HPRegen 0.52/turn    K - ring of the Chained Pleiades {Fly rF+ Str+6 Int+3, Self, Cun} (curse)
MPRegen 0.31/turn

%: clarity, guardian spirit
@: lethally poisoned (-7 -> -59), sanguine armoured, flying, slow
A: powered by death 2, robust 2, sanguine armour 3, demonic magic 2, demonic
touch 3
}: 2/15 runes: serpentine, barnacled
a: Renounce Religion, Shatter the Chains


You were on level 1 of the Elven Halls.
You worshipped Ashenzari.
Ashenzari was exalted by your worship.
You visited 7 branches of the dungeon, and saw 32 of its levels.
You also visited: Ice Cave.

You collected 3055 gold pieces.
You spent 1185 gold pieces at shops.

Inventory:

Hand Weapons
 q - the cursed +4 quarterstaff of the Ruined Regret (weapon) {heavy, rElec Will+ SInv Stlth-, Bglg, Melee}
   (You found it on level 3 of the Dungeon)

   rElec:     It insulates you from electricity.
   SInv:      It lets you see invisible.
   Will:      It increases your willpower.
   Stlth:     It makes you less stealthy.
   It has a curse which improves the following skills: Beguiling: Conjurations,
   Hexes and Translocations.
   Melee Combat: Short Blades, Long Blades, Axes, Maces & Flails, Polearms,
   Staves and Unarmed Combat.
Missiles
 d - 5 throwing nets (quivered)
 k - 13 javelins
 U - 6 silver javelins
Armour
 i - the cursed +2 pair of boots "Per Aspera Ad Scientiam" (worn) {Stlth+, Elem, Fort}
   (You bought it in a shop on level 2 of the Orcish Mines)

   It has a curse which improves the following skills: Elements: Fire Magic, Ice
   Magic, Air Magic and Earth Magic.
   Fortitude: Armour and Shields.
 I - the cursed +0 steam dragon scales of the Wild Blue Yonder (worn) {Alch, Range}
   (You found it on level 8 of the Dungeon)

   It has a curse which improves the following skills: Alchemy: Poison Magic and
   Transmutations.
   Ranged Combat: Ranged Weapons and Throwing.
 R - the cursed +3 hat of Pondering (worn) {ponderous, Will+ MP+10 Int+5, Evo, Elem}
   (You took it off Gastronok on level 1 of the Orcish Mines)

   Int:       It affects your intelligence (+5).
   MP:        It affects your magic capacity (+10).
   Will:      It increases your willpower.
   It has a curse which improves the following skills: Evocations: Evocations.
   Elements:  Fire Magic, Ice Magic, Air Magic and Earth Magic.
 W - the cursed +0 cloak "Per Aspera Ad Scientiam" (worn) {Bglg, Comp}
   (You found it on level 10 of the Dungeon)

   It has a curse which improves the following skills: Beguiling: Conjurations,
   Hexes and Translocations.
   Companions: Summonings and Necromancy.
Jewellery
 a - the cursed amulet of the Perceptive Sky (around neck) {Spirit, Self, Alch}
   (You found it on level 3 of the Lair of Beasts)

   [amulet of guardian spirit]

   It causes incoming damage to be divided between your reserves of health and
   magic.
   It has a curse which improves the following skills: Introspection: Fighting
   and Spellcasting.
   Alchemy:   Poison Magic and Transmutations.
 c - a ring of wizardry
 f - the cursed ring of the Lashed Pleiades (left hand) {AC+4, Self, Bglg}
   (You found it on level 1 of the Dungeon)

   [ring of protection]

   AC:        It affects your AC (+4).
   It has a curse which improves the following skills: Introspection: Fighting
   and Spellcasting.
   Beguiling: Conjurations, Hexes and Translocations.
 B - the ring "Jegoc" {rPois rC+ rN+ Int+3 SInv Stlth-}
   (You found it on level 13 of the Dungeon)

   [ring of see invisible]

   Int:       It affects your intelligence (+3).
   rC:        It protects you from cold.
   rPois:     It protects you from poison.
   rN:        It protects you from negative energy.
   SInv:      It lets you see invisible.
   Stlth:     It makes you less stealthy.
 E - the ring "Wuenoa" {rC+ Will- Dex+4}
   (You found it in an ice cave)

   [ring of protection from cold]

   Dex:       It affects your dexterity (+4).
   rC:        It protects you from cold.
   Will:      It decreases your willpower.
 K - the cursed ring of the Chained Pleiades (right hand) {Fly rF+ Str+6 Int+3, Self, Cun}
   (You found it on level 2 of the Lair of Beasts)

   [ring of strength]

   Str:       It affects your strength (+6).
   Int:       It affects your intelligence (+3).
   rF:        It protects you from fire.
   Fly:       It grants you flight.
   It has a curse which improves the following skills: Introspection: Fighting
   and Spellcasting.
   Cunning:   Dodging and Stealth.
Wands
 r - a wand of charming (8)
 x - a wand of acid (31)
 G - a wand of digging (17)
 N - a wand of mindburst (13)
 P - a wand of flame (50)
 Z - a wand of roots (11)
Scrolls
 e - 2 scrolls of silence
 g - 6 scrolls of poison
 h - 5 scrolls of amnesia
 l - 11 scrolls of teleportation
 n - 3 scrolls of fear
 t - 4 scrolls of fog
 u - 3 scrolls of blinking
 w - 3 scrolls of enchant armour
 y - 7 scrolls of vulnerability
 A - 3 scrolls of torment
 H - 6 scrolls of enchant weapon
 J - 5 scrolls of immolation
 L - a scroll of brand weapon
 Q - 2 scrolls of acquirement
 T - 3 scrolls of magic mapping
 X - 4 scrolls of butterflies
Potions
 b - 9 potions of might
 p - 4 potions of lignification
 s - 14 potions of curing
 v - 3 potions of resistance
 z - 8 potions of brilliance
 C - 6 potions of heal wounds
 D - 9 potions of flight
 F - 3 potions of berserk rage
 O - a potion of cancellation
 V - 5 potions of ambrosia
 Y - 6 potions of magic
Miscellaneous
 j - a phantom mirror
 m - a box of beasts
 M - a condenser vane
 S - a lightning rod (4/4)


   Skills:
 - Level 14.3(19.0) Fighting
 - Level 12.2(14.6) Staves
 - Level 1.7(3.5) Throwing
 + Level 7.8(10.3) Armour
 - Level 13.4(15.7) Dodging
 - Level 11.8(16.5) Spellcasting
 - Level 10.8(15.5) Conjurations
 - Level 1.7(4.8) Translocations
 - Level 6.3(10.0) Transmutations
 - Level 11.4(15.0) Ice Magic
 + Level 11.1(14.7) Air Magic
 + Level 4.3(6.6) Evocations


You had 27 spell levels left.
You knew the following spells:

 Your Spells              Type           Power      Damage    Failure   Level
a - Apportation           Tloc           74%        N/A       1%          1
b - Freezing Cloud        Conj/Ice/Air   34%        6-21      1%          5
c - Hailstorm             Conj/Ice       69%        3d14      1%          3
d - Ozocubu's Refrigerat  Ice            34%        4d15      6%          7
e - Airstrike             Air            34%        2d(5-21)  1%          4
f - Frozen Ramparts       Ice            100%       1d16      1%          3

Your spell library contained the following spells:

 Spells                   Type           Power      Damage    Failure   Level
 Freeze                   Ice            100%       1d10      0%          1
 Magic Dart               Conj           100%       1d8       0%          1
 Shock                    Conj/Air       100%       1d9       0%          1
 Searing Ray              Conj           100%       2d8       0%          2
 Sting                    Tmut/Pois      100%       1d8       1%          1
 Blink                    Tloc           74%        N/A       1%          2
 Cigotuvi's Dreadful Rot  Necr/Pois/Air  78%        N/A       1%          2
 Ensorcelled Hibernation  Hex/Ice        100%       N/A       1%          2
 Lesser Beckoning         Tloc           74%        N/A       1%          2
 Momentum Strike          Conj/Tloc      100%       3d10      1%          2
 Poisonous Vapours        Pois/Air       98%        N/A       1%          2
 Gell's Gravitas          Tloc           37%        N/A       1%          3
 Ozocubu's Armour         Ice            69%        N/A       1%          3
 Stone Arrow              Conj/Erth      100%       3d13      1%          3
 Swiftness                Air            68%        N/A       1%          3
 Teleport Other           Tloc           37%        N/A       1%          3
 Flame Wave               Conj/Fire      50%        2d12      1%          4
 Fulminant Prism          Conj/Hex       25%        3d13      1%          4
 Ice Form                 Ice/Tmut       63%        N/A       1%          4
 Iskenderun's Mystic Bla  Conj/Tloc      57%        2d12      1%          4
 Sticky Flame             Conj/Fire      50%        2d7       1%          4
 Summon Ice Beast         Ice/Summ       49%        N/A       1%          4
 Blade Hands              Tmut           28%        N/A       1%          5
 Ignite Poison            Fire/Tmut/Pois 32%        N/A       2%          3
 Necrotise                Necr           72%        1d7       3%          1
 Summon Small Mammal      Summ           72%        N/A       3%          1
 Portal Projectile        Hex/Tloc       58%        N/A       3%          3
 Volatile Blastmotes      Fire/Tloc      56%        2d14      3%          3
 Inner Flame              Hex/Fire       19%        N/A       8%          3
 Summon Guardian Golem    Hex/Summ       19%        N/A       9%          3
 Vampiric Draining        Necr           18%        2d7       9%          3
 Alistair's Intoxication  Tmut/Pois      26%        N/A       11%         5
 Iron Shot                Conj/Erth      25%        9d5       19%         6
 Olgreb's Toxic Radiance  Pois           19%        N/A       26%         4
 Animate Armour           Summ/Erth      38%        N/A       28%         4
 Dragon Form              Tmut           28%        N/A       43%         7
 Dispersal                Tloc           18%        N/A       56%         6
 Lee's Rapid Deconstruct  Erth           9%         3d7*      58%         5
 Agony                    Necr           18%        N/A       63%         5
 Discord                  Hex            10%        N/A       100%        8
 Lehudib's Crystal Spear  Conj/Erth      25%        10d7      100%        8


Dungeon Overview and Level Annotations

Branches:
Dungeon (15/15)            Temple (1/1) D:7            Lair (5/5) D:8
 Shoals (4/4) Lair:3        Snake (4/4) Lair:3        Slime (0/5) Lair:5
    Orc (2/2) D:11            Elf (1/3) Orc:2        Vaults (0/5) D:13
 Depths (0/4) D:15          IceCv (visited)

Altars:
Ashenzari
Cheibriados
Dithmenos
Fedhas
Gozag
Hepliaklqana
Kikubaaqudgha
Makhleb
Nemelex Xobeh
Okawaru
Qazlal
Ru
Sif Muna
Trog
Uskayaw
Vehumet
Wu Jian
Xom
Yredelemnul

Shops:
D:3 (   Orc:2 ?*[[:   Shoals:2 *   Snake:4 *

Annotations:
Shoals:1 3 runed translucent doors, Cedruin's ghost, adept DrAr; LLlMATKO's ghost, adept MiBe; PanSaczeczos's ghost, adept DrBe; Termiter's ghost, journeyman DsNe
Shoals:3 2 transporters, Heh's ghost, adept DsGl


Innate Abilities, Weirdness & Mutations

You regenerate health from kills.
You are very robust. (+20% HP)
When seriously injured, your blood forms very thick armour. (AC +12)
Spells you cast may paralyse nearby enemies.
Your touch may irresistibly damage your foes and sap their willpower.


Message History

Casting: Freezing Cloud (mildly dangerous; 1% risk of failure)
Confirm with . or Enter, or press ? or * to list all spells.
Aiming: Freezing Cloud (mildly dangerous; 1% risk of failure)
Press: ? - help, Dir - move target, f/p - +5 halberd of venom
Aim: a +5 halberd of venom (lightly damaged) That beam is likely to hit you.
Continue anyway?
Malevolent energies surge around you.
You are engulfed in freezing vapours.
You feel very sick.
The +5 halberd of venom is engulfed in freezing vapours.
The +5 halberd of venom hits you from afar!
You are more poisoned.
The +5 halberd of venom hits you from afar.
Your blood congeals into armour.
You are more poisoned.
You are engulfed in freezing vapours.
You feel extremely sick.
You feel extremely sick.
Unknown command.
You feel very sick.
The +5 halberd of venom is engulfed in freezing vapours.
The +5 halberd of venom hits you from afar!
You are more poisoned.
You feel extremely sick.
The +5 halberd of venom hits you from afar!
You are more poisoned.
You feel extremely sick.
The +5 halberd of venom hits you from afar!!
* * * LOW HITPOINT WARNING * * *
You are lethally poisoned!
* * * LOW HITPOINT WARNING * * *
You feel extremely sick.
There is a staircase back to the Mines, spattered with blood here.
You can't go down here!
* * * LOW HITPOINT WARNING * * *
You feel extremely sick.
The +5 halberd of venom hits you from afar!
* * * LOW HITPOINT WARNING * * *
You are more poisoned.
The +5 halberd of venom hits you from afar!!
You die...

* * , ##### , **
##...## ,
##..♣..## ,,, *
##.......# , , ,
##..♣[))..# , , *
#§§§..e@..# ,, , ,
#[..♣(....# ,,,,,,
#.#.......# , ,
,**#{##..♣..##
,,.....☼).###...##
, ,.e....###
#####* , .....), *
,,,....., * , ,
....., * ,


You could see a deep elf knight (fast, invisible) and a +5 halberd of venom.

Vanquished Creatures
  Jorgrun (Lair:3)
  Gastronok (Orc:1)
  Kirke (Shoals:3)
  The ghost of Omnisied the Warrior, an adept MiHu of Okawaru (Snake:1)
  The ghost of emiel the Fencer, an adept MiFi of Okawaru (Snake:4)
  3 nagarajas (Snake:4)
  An emperor scorpion (D:15)
  2 frost giants (IceCv)
  2 orc warlords
  A white draconian (IceCv)
  An entropy weaver (shapeshifter) (D:13)
  10 merfolk impalers
  Josephine (D:10)
  A merfolk javelineer (Shoals:4)
  10 hydras
  2 vault guards (D:13)
  Erolcha (D:9)
  An ice dragon (Shoals:2)
  5 merfolk avatars
  7 anacondas
  2 salamander tyrants
  8 centaur warriors
  2 boulder beetles
  5 two-headed ogres
  5 ironbound frosthearts (IceCv)
  Erica (Lair:1)
  2 alligator snapping turtles
  3 catoblepae
  2 satyrs (Shoals:3)
  A death knight (D:13)
  13 naga warriors
  3 merfolk aquamancers (Shoals:4)
  2 tengu warriors
  A deep troll shaman (Lair:5)
  5 orc high priests (Orc:2)
  19 death yaks
  3 dancing weapons (Elf:1)
  Urug (Orc:1)
  11 naga sharpshooters
  6 shock serpents
  A fire crab (shapeshifter) (D:13)
  3 salamander mystics
  7 skysharks
  A deep troll (shapeshifter) (D:15)
  8 sea snakes
  A deep troll (D:14)
  A kraken simulacrum (Shoals:4)
  18 harpies
  2 naga ritualists
  5 lindwurms
  5 wizards
  A deep elf archer (Elf:1)
  An orange crystal statue (IceCv)
  A bog body (D:12)
  2 necromancers
  5 orc knights (Orc:2)
  An obsidian statue (Snake:4)
  2 deep elf zephyrmancers (Elf:1)
  An oklob plant (Orc:1)
  3 orc sorcerers
  5 mana vipers
  3 deep elf pyromancers
  8 fauns
  13 cyclopes
  27 ugly things
  17 manticores
  15 salamanders
  17 elephants
  3 guardian serpents
  3 water nymphs
  An ice statue (D:12)
  A torpor snail (Lair:4)
  29 black mambas
  7 merfolk sirens
  21 naga magi
  3 gargoyles
  9 cane toads
  Psyche (D:8)
  2 unseen horrors
  16 rime drakes (IceCv)
  2 efreet
  A freezing wraith (D:14)
  6 komodo dragons
  A kobold demonologist (D:13)
  4 ice devils (D:12)
  27 merfolk
  3 meliai
  17 polar bears
  16 trolls
  A polar bear (shapeshifter) (D:14)
  5 wind drakes
  13 blink frogs
  4 dream sheep (Shoals:3)
  6 snapping turtles
  A centaur simulacrum (D:13)
  A slime creature (D:14)
  12 water elementals
  7 wraiths
  3 wyverns
  57 yaks
  9 basilisks
  A vampire (D:11)
  A hog (Shoals:3)
  4 steam dragons
  A basilisk (shapeshifter) (D:15)
  19 humans (D:13)
  12 vampire mosquitoes
  4 wargs
  27 nagas
  4 acid dragons
  16 water moccasins
  35 orc warriors
  2 sky beasts (D:8)
  8 black bears
  6 ogres
  An ice beast (D:5)
  5 centaurs
  56 wolves
  A tengu (shapeshifter) (D:13)
  A phantom (D:7)
  8 kobold brigands
  8 bullfrogs
  A two-headed ogre simulacrum (D:12)
  2 gnoll sergeants
  22 wights
  6 scorpions
  13 killer bees
  An elephant simulacrum (D:12)
  6 howler monkeys
  A lava snake (Snake:1)
  4 hounds
  33 orc priests
  3 jellies
  An iguana (D:7)
  2 sleepcaps (D:6)
  20 orc wizards
  2 troll simulacra (D:12)
  2 yak simulacra (D:15)
  2 polar bear simulacra (D:15)
  2 wolf simulacra (D:15)
  Robin (D:3)
  18 gnolls
  10 adders
  A shadow imp (D:8)
  3 white imps
  2 ufetubi
  2 dart slugs (D:3)
  100 orcs
  7 ball pythons
  4 endoplasms
  5 giant cockroaches
  13 goblins
  7 hobgoblins
  32 kobolds
  8 quokkas
  5 bats
  2 frilled lizards
  7 rats
  5 river rat simulacra (D:15)
1189 creatures vanquished.

Vanquished Creatures (others)
  A human (Shoals:3)
  An orc priest (Orc:1)
  70 fungi
  100 plants
  13 tentacles (Shoals:4)
  2 withered plants (Shoals:1)
187 creatures vanquished.

Grand Total: 1376 creatures vanquished

Notes
Turn   | Place    | Note
-------+----------+-------------------------------------------
     0 | D:1      | diana the Demonspawn Gladiator began the quest for the Orb.
     0 | D:1      | Reached XP level 1. HP: 16/16 MP: 1/1
   110 | D:1      | Found a faded altar of an unknown god.
   171 | D:1      | Gained mutation: You regenerate a little health from kills.
                  | [demonic ancestry]
   171 | D:1      | Reached XP level 2. HP: 22/22 MP: 2/2
   698 | D:2      | Gained mutation: Your touch may inflict minor irresistible
                  | damage on your foes. [demonic ancestry]
   698 | D:2      | Reached XP level 3. HP: 7/28 MP: 3/3
   878 | D:1      | Reached XP level 4. HP: 9/34 MP: 4/4
   979 | D:2      | Reached skill level 3 in Fighting
  1417 | D:3      | Gained mutation: When seriously injured, your blood forms
                  | armour. (AC +12) [demonic ancestry]
  1417 | D:3      | Reached XP level 5. HP: 35/41 MP: 5/5
  1520 | D:3      | Found a radiant altar of Vehumet.
  1525 | D:3      | Identified the +4 quarterstaff "Wushradu" {heavy, rElec
                  | Will+ SInv Stlth-}
  1559 | D:3      | Found Xiah's Weapon Emporium.
  1888 | D:3      | Noticed Robin
  1913 | D:3      | Killed Robin
  2200 | D:3      | Gained mutation: When seriously injured, your blood forms
                  | thick armour. (AC +12) [demonic ancestry]
  2200 | D:3      | Reached XP level 6. HP: 41/48 MP: 6/6
  2318 | D:3      | Reached skill level 1 in Armour
  2321 | D:3      | Reached skill level 4 in Fighting
  2628 | D:4      | You fall into a shaft and drop 3 floors!
  2818 | D:7      | Gained mutation: When seriously injured, your blood forms
                  | very thick armour. (AC +12) [demonic ancestry]
  2818 | D:7      | Reached XP level 7. HP: 50/54 MP: 7/7
  2885 | D:7      | Reached skill level 5 in Staves
  3165 | D:6      | Noticed a yak
  3165 | D:6      | Noticed a yak
  3258 | D:6      | Noticed a yak
  3263 | D:7      | Killed a yak
  3382 | D:7      | Reached skill level 5 in Fighting
  3382 | D:7      | Reached skill level 5 in Dodging
  3382 | D:7      | Gained mutation: Your touch may inflict irresistible damage
                  | on your foes. [demonic ancestry]
  3382 | D:7      | Reached XP level 8. HP: 34/62 MP: 8/8
  3901 | D:7      | Found a staircase to the Ecumenical Temple.
  4315 | Temple   | Entered the Ecumenical Temple
  4395 | Temple   | Became a worshipper of Ashenzari the Shackled
  4510 | D:6      | Reached skill level 6 in Fighting
  4547 | D:6      | Found an ornate altar of the Wu Jian Council.
  4566 | D:6      | Reached XP level 9. HP: 68/69 MP: 9/9
  5695 | D:5      | Entered Level 5 of the Dungeon
  6184 | D:5      | Reached * piety under Ashenzari
  6186 | D:5      | Found a basalt altar of Yredelemnul.
  6186 | D:5      | Found a sacrificial altar of Ru.
  6256 | D:5      | Reached skill level 7 in Fighting
  7251 | D:7      | Gained mutation: Spells you cast may paralyse adjacent
                  | enemies. [demonic ancestry]
  7251 | D:7      | Reached XP level 10. HP: 30/79 MP: 10/10
  8035 | D:8      | Noticed a two-headed ogre
  8081 | D:8      | Killed a two-headed ogre
  8082 | D:8      | Reached skill level 8 in Fighting
  8082 | D:8      | Reached skill level 10 in Staves
  8335 | D:8      | Reached ** piety under Ashenzari
  8401 | D:8      | Noticed Psyche
  8424 | D:8      | Killed Psyche
  8835 | D:8      | Reached XP level 11. HP: 54/90 MP: 11/11
  8951 | D:8      | Found a staircase to the Lair.
  9080 | D:8      | Noticed a two-headed ogre
  9207 | D:8      | Killed a two-headed ogre
  9537 | Lair:1   | Entered Level 1 of the Lair of Beasts
  9629 | Lair:1   | Reached skill level 9 in Fighting
 10156 | Lair:1   | Reached *** piety under Ashenzari
 10156 | Lair:1   | Reached **** piety under Ashenzari
 10344 | Lair:1   | Noticed Erica
 10355 | Lair:1   | Killed Erica
 10372 | Lair:1   | Reached skill level 5 in Armour
 10550 | Lair:1   | Reached skill level 10 in Fighting
 10950 | Lair:2   | Identified the +6 quarterstaff "Nosom" {flame, *Rage rN++
                  | rCorr}
 11404 | Lair:2   | Gained mutation: Your touch may irresistibly damage your
                  | foes and sap their willpower. [demonic ancestry]
 11404 | Lair:2   | Reached XP level 12. HP: 72/102 MP: 12/12
 11889 | Lair:2   | Identified the ring "Elod Epeguj" {Fly rF+ Str+6 Int+3}
 12061 | D:9      | Identified a scroll of acquirement
 12062 | D:9      | Reached skill level 10 in Dodging
 12311 | D:9      | Noticed Erolcha
 12320 | D:9      | Killed Erolcha
 12737 | D:9      | Identified the +2 leather armour of Light {Rampage rF+ rC-}
 12925 | D:9      | Found an iron altar of Okawaru.
 12982 | D:9      | Found a hazy altar of Hepliaklqana.
 12992 | D:9      | Found an ancient bone altar of Kikubaaqudgha.
 13077 | D:9      | Reached skill level 11 in Fighting
 13175 | D:10     | Entered Level 10 of the Dungeon
 13495 | D:10     | Reached skill level 1 in Spellcasting
 13614 | D:10     | Noticed Josephine
 13615 | D:10     | Noticed a two-headed ogre
 13868 | D:10     | Found a bloodstained altar of Trog.
 13897 | D:10     | Killed a two-headed ogre
 14376 | D:10     | Killed Josephine
 15038 | D:11     | Noticed a two-headed ogre
 15046 | D:11     | Killed a two-headed ogre
 15299 | D:11     | Found a staircase to the Orcish Mines.
 15476 | D:11     | Reached skill level 12 in Fighting
 15845 | Lair:3   | Identified the +6 flail of Callerei {protect, rC+ rCorr
                  | Str-2 SInv Stlth+}
 16111 | Lair:3   | Reached XP level 13. HP: 109/113 MP: 22/22
 16148 | Lair:3   | Reached ***** piety under Ashenzari
 16165 | Lair:3   | Learned a level 1 spell: Apportation
 16315 | Lair:3   | Found a staircase to the Shoals.
 16340 | Lair:3   | Reached skill level 5 in Spellcasting
 16340 | Lair:3   | Reached skill level 1 in Translocations
 16522 | Lair:3   | Found a staircase to the Snake Pit.
 17454 | Orc:1    | Entered Level 1 of the Orcish Mines
 17454 | Orc:1    | Noticed an orc warlord
 17467 | D:11     | Reached skill level 1 in Conjurations
 17786 | D:11     | Killed an orc warlord
 18136 | Orc:2    | Entered Level 2 of the Orcish Mines
 18468 | Orc:2    | Found a staircase to the Elven Halls.
 19275 | Orc:2    | Found Teydaos's Magic Scroll Emporium.
 19283 | Orc:2    | Bought a scroll of immolation for 56 gold pieces
 19283 | Orc:2    | Bought a scroll of teleportation for 42 gold pieces
 19406 | Orc:2    | Reached skill level 13 in Fighting
 19727 | Orc:2    | Found Jaunn's Antique Armour Shop.
 19727 | Orc:2    | Found Uhobupsu's General Store.
 19728 | Orc:2    | Found Cineimp's Book Shop.
 19728 | Orc:2    | Found Olled's Antique Armour Boutique.
 19735 | Orc:2    | Bought a pair of runed boots for 292 gold pieces
 19739 | Orc:2    | Bought a potion of heal wounds for 75 gold pieces
 19795 | Orc:1    | Noticed Urug
 19810 | Orc:1    | Killed Urug
 19848 | Orc:1    | Noticed an orc warlord
 19850 | Orc:1    | Noticed Gastronok
 19864 | Orc:1    | Killed an orc warlord
 20170 | Orc:1    | Killed Gastronok
 20486 | Orc:1    | Gained mutation: You regenerate health from kills. [demonic
                  | ancestry]
 20486 | Orc:1    | Reached XP level 14. HP: 113/123 MP: 26/26
 21157 | Lair:2   | Reached skill level 5 in Conjurations
 22536 | Lair:4   | Reached skill level 14 in Fighting
 22927 | Lair:5   | Entered Level 5 of the Lair of Beasts
 22978 | Lair:5   | Learned a level 5 spell: Freezing Cloud
 24348 | Lair:5   | Gained mutation: Spells you cast may paralyse nearby
                  | enemies. [demonic ancestry]
 24348 | Lair:5   | Reached XP level 15. HP: 124/131 MP: 26/29
 24866 | Lair:5   | Found a staircase to the Slime Pits.
 24958 | Lair:5   | Identified the +0 long sword "Teugol" {freeze, *Noise Str+5
                  | Int+2}
 25515 | D:11     | Reached skill level 1 in Ice Magic
 25515 | D:11     | Reached skill level 1 in Air Magic
 26223 | D:12     | Identified the +5 quarterstaff "Plojy" {heavy, MP+9 Str+2}
 27518 | D:13     | Learned a level 3 spell: Hailstorm
 28118 | Orc:2    | Bought Ozocubu's Autobiography for 384 gold pieces
 28126 | Orc:2    | Learned a level 7 spell: Ozocubu's Refrigeration
 28489 | D:13     | Identified the ring "Jegoc" {rPois rC+ rN+ Int+3 SInv
                  | Stlth-}
 28750 | D:13     | Found a gate to the Vaults.
 28750 | D:13     | Identified the Elucidation of the Curse
 29266 | Shoals:1 | Entered Level 1 of the Shoals
 29266 | Shoals:1 | Noticed Jorgrun
 29877 | Lair:3   | Killed Jorgrun
 30505 | Shoals:1 | Gained mutation: You are robust. (+10% HP) [demonic
                  | ancestry]
 30505 | Shoals:1 | Reached XP level 16. HP: 129/155 MP: 11/32
 30947 | Shoals:1 | Learned a level 4 spell: Airstrike
 31148 | Shoals:1 | Found a runed translucent gate.
 31148 | Shoals:1 | Found a runed translucent gate.
 31148 | Shoals:1 | Found a runed translucent gate.
 31149 | Shoals:1 | Noticed LLlMATKO's ghost (adept MiBe)
 31149 | Shoals:1 | Noticed Cedruin's ghost (adept DrAr)
 31150 | Shoals:1 | Noticed Termiter's ghost (journeyman DsNe)
 31150 | Shoals:1 | Noticed PanSaczeczos's ghost (adept DrBe)
 31426 | Shoals:2 | Found Pacseah's Assorted Antiques.
 31582 | Shoals:2 | Found a frozen archway.
 31592 | Shoals:2 | Reached skill level 5 in Air Magic
 31627 | IceCv    | Entered an ice cave
 31688 | IceCv    | Reached skill level 5 in Ice Magic
 32361 | IceCv    | Reached skill level 10 in Spellcasting
 32673 | IceCv    | Identified the +7 shortbow "Peri" {drain, rF+ Int+4}
 33206 | IceCv    | Identified the +1 pair of gloves of the Enchanted Forest
                  | {*Corrode rC+ MP+9}
 33206 | IceCv    | Identified the ring "Wuenoa" {rC+ Will- Dex+4}
 33887 | IceCv    | Reached skill level 10 in Conjurations
 35520 | Shoals:3 | Found a transporter.
 35525 | Shoals:3 | Found a transporter.
 35526 | Shoals:3 | Noticed Heh's ghost (adept DsGl)
 35526 | Shoals:3 | Identified the ring "Toneqega" {Will+ rCorr Int+4 Dex+4
                  | Stlth+}
 35527 | Shoals:3 | Noticed a kraken
 36176 | Shoals:3 | Identified the +1 ring mail "Payschofa" {Harm Drain rPois
                  | Will++}
 36410 | Shoals:3 | Noticed Kirke
 36420 | Shoals:3 | Killed Kirke
 37139 | Snake:1  | Entered Level 1 of the Snake Pit
 37355 | Snake:1  | Gained mutation: You are very robust. (+20% HP) [demonic
                  | ancestry]
 37355 | Snake:1  | Reached XP level 17. HP: 146/177 MP: 30/34
 37791 | Snake:1  | Found a runed translucent door.
 37794 | Snake:1  | Found a shimmering altar of Xom.
 37794 | Snake:1  | Noticed Omnisied's ghost (adept MiHu)
 40546 | Snake:2  | Reached skill level 1 in Transmutations
 41558 | Snake:3  | Reached ****** piety under Ashenzari
 42447 | Snake:4  | Entered Level 4 of the Snake Pit
 42447 | Snake:4  | Identified the +2 hand axe "Fijety Kaki" {vamp, rC++ Dex+2}
 42776 | Snake:4  | Found a runed translucent gate.
 42777 | Snake:4  | Found a runed translucent gate.
 42778 | Snake:4  | Found a runed translucent gate.
 42778 | Snake:4  | Found an opulent altar of Gozag.
 42784 | Snake:4  | Noticed emiel's ghost (adept MiFi)
 42787 | Snake:4  | Found Janiengul's Assorted Antiques.
 43631 | Snake:4  | Reached skill level 5 in Transmutations
 44362 | Snake:4  | Reached skill level 10 in Ice Magic
 44579 | Snake:4  | Got a serpentine rune of Zot
 44999 | Snake:4  | Killed emiel's ghost
 45002 | Snake:4  | Reached XP level 18. HP: 131/192 MP: 18/38
 45381 | Snake:4  | Bought a potion of curing for 96 gold pieces
 45381 | Snake:4  | Bought a scroll of blinking for 240 gold pieces
 45665 | Snake:1  | Killed Omnisied's ghost
 46027 | Shoals:4 | Entered Level 4 of the Shoals
 48466 | Shoals:4 | Got a barnacled rune of Zot
 48730 | Shoals:4 | Identified the +7 plate armour of True Grit {rF+ Str+2}
 49027 | D:14     | Identified the +1 ring mail "Bieseusu" {rElec rPois Int+4
                  | Dex-4}
 49767 | D:14     | Reached skill level 10 in Air Magic
 49771 | D:14     | Learned a level 3 spell: Frozen Ramparts
 50455 | D:14     | Reached skill level 1 in Evocations
 50567 | D:14     | Identified the Catalogue of the Metamorphic Gang
 51296 | D:15     | Entered Level 15 of the Dungeon
 51870 | D:15     | Found a staircase to the Depths.
 52737 | Elf:1    | Entered Level 1 of the Elven Halls
 52906 | Elf:1    | HP: 7/192 [+5 halberd of venom (6)]
 52906 | Elf:1    | Mangled by a +5 halberd of venom

Illustrated notes

Levels and vault maps discovered:
D:1:      nzn_arrival_water_spiral, layout_basic, ebering_ecumenical_altar_mist
D:2:      layout_rooms
D:3:      layout_loops_ring, nicolae_vehumet_radiance, serial_shops,
          nicolae_shop_window_shopping, uniq_robin
D:4:      layout_cave_pools, kennysheep_crisscross, minmay_misc_feat_rugged
D:5:      layout_basic, old_standard_altar, gammafunk_temple_overflow_wave,
          st_stairs_8
D:6:      layout_rooms, nicolae_wu_jian_wuxing_cycle, hellmonk_no_cap
D:7:      layout_loops_ring, temple_hall
D:8:      layout_gridville, due_lair_maze_entry_diamond, serial_rivers,
          chequers_serial_rivers_micro_b, chequers_serial_rivers_small_a,
          chequers_serial_rivers_room_b, chequers_serial_rivers_small_b,
          grunt_potential, uniq_psyche
D:9:      layout_basic, minitemple, general_overflow_altar, uniq_erolcha
D:10:     layout_grid_maze, lemuel_tele_altar, uniq_josephine
D:11:     layout_irregular_city, orc_0_dummy, minmay_orc_keep
D:12:     dreamdust_isle_of_ice, layout_gridville, st_stairs_2
D:13:     layout_long_grid, grunt_vaults_entry_tiered, st_stairs_9,
          minivault_11, minmay_pinched_square
D:14:     lemuel_troll_bridge, layout_basic, lemuel_round_altar,
          minmay_hollow_rounded_squares
D:15:     hangedman_depths_entry_try_elsewhere_first, layout_long_grid,
          nicolae_sextant, eino_house_with_fridge
Temple:   nicolae_temple_x_marks_the_god
Lair:1:   layout_hall_layers, grunt_forest_large_clearings, uniq_erica
Lair:2:   layout_hall_layers, chequers_serial_rivers_micro_e,
          minmay_lindwurm_lava
Lair:3:   layout_cellular_growth, nicolae_shoals_entry_roost,
          guppyfry_snake_entry_garden, minivault_19
Lair:4:   layout_roguey, st_stairs_12
Lair:5:   grunt_lair_end_beastmaster, layout_regular_city, slime_entry_1
Shoals:1: layout_shoals, gammafunk_ghost_cemetery, uniq_jorgrun
Shoals:2: layout_shoals, portal_ice_cave_entry_dragon, nicolae_stop_n_shop_1
Shoals:3: layout_shoals, ebering_ghost_davey_jones, uniq_kirke
Shoals:4: shoals_end_grunt_ice, layout_shoals, nicolae_shoals_elemental_ambush
Snake:1:  layout_layer_cave, ebering_ghost_xom, nicolae_snake_salamander_fort
Snake:2:  layout_grid_maze
Snake:3:  layout_rooms, grunt_ministairs_13, nicolae_coiled_stairwell_down
Snake:4:  snake_pit, layout_cave_town, ebering_ghost_gozag
Orc:1:    layout_caves, mines3_lemuel, uniq_gastronok, uniq_urug
Orc:2:    st_orc_pillars, layout_caves, serial_shops, nicolae_diamond_shop
Elf:1:    layout_gridlike, serial_shops, shop, hangedman_elf_represent,
          grunt_ministairs_9, minmay_shop_star, uniq_louise, uniq_agnes

Skill      XL: |  1  2  3  4  5  6  7  8  9 10 11 12 13 14 15 16 17 18 |
---------------+-------------------------------------------------------+-----
Dodging        | 3 4 5 7 8 9 11 12 13 | 13.4
Staves         | 3 4 6 7 9 11 12 | 12.2
Fighting       | 3 4 5 6 7 8 10 12 13 14 | 14.3
Armour         | 1 2 3 5 7 |  7.8
Spellcasting   | 4 6 8 9 10 11 | 11.8
Translocations | 1 |  1.7
Conjurations   | 4 7 8 10 | 10.8
Ice Magic      | 4 7 10 11 | 11.4
Air Magic      | 4 7 11 | 11.1
Transmutations | 6 |  6.3
Evocations     | 4 |  4.3
Throwing       | |  1.7

Action                     |  1- 3 |  4- 6 |  7- 9 | 10-12 | 13-15 | 16-18 || total
---------------------------+-------+-------+-------+-------+-------+-------++-------
  Melee: Quarterstaff      |    95 |   237 |   240 |   801 |  1365 |   372 ||  3110
   Cast: Freezing Cloud    |       |       |       |       |    28 |   259 ||   287
         Hailstorm         |       |       |       |       |     6 |    38 ||    44
         Airstrike         |       |       |       |       |       |   430 ||   430
         Frozen Ramparts   |       |       |       |       |       |    13 ||    13
         Ozocubu's Refrige |       |       |       |       |       |     9 ||     9
 Invoke: Curse Item        |       |       |     2 |     4 |     3 |     2 ||    11
         Shatter the Chain |       |       |       |     1 |     2 |       ||     3
  Evoke: Wand              |       |       |       |     6 |       |     5 ||    11
         Lightning rod     |       |       |       |       |       |     1 ||     1
    Use: Potion            |       |       |       |     1 |     3 |     1 ||     5
         Scroll            |       |       |       |     1 |     5 |     2 ||     8
   Stab: Sleeping          |     1 |       |       |       |     3 |       ||     4
         Petrified         |       |       |       |       |     1 |       ||     1
         Paralysed         |       |       |       |       |     6 |    22 ||    28
         Distracted        |       |       |       |       |       |     4 ||     4
 Armour: Leather armour    |    42 |   102 |    96 |   162 |       |       ||   402
         Steam dragon scal |       |       |       |    99 |   526 |   184 ||   809
  Dodge: Dodged            |   119 |   218 |   245 |   899 |  1773 |   459 ||  3713
